 Dungeon Crawl Stone Soup version 0.31-a0-1447-g87ca8d402b (webtiles) character file.

Game seed: 16783491807495051169

757 voltaire321 the Magician (level 7, -2/40 HPs)
             Began as a Deep Elf Alchemist on Dec 28, 2023.
             Was an Initiate of Vehumet.
             Slain by an ogre
             ... wielding a +0 giant spiked club
              (5 damage)
             ... on level 5 of the Dungeon.
             The game lasted 00:14:04 (4270 turns).

voltaire321 the Magician (Deep Elf Alchemist)       Turns: 4270, Time: 00:14:05

Health: -2/40      AC:  5    Str:  7    XL:     7   Next: 50%
Magic:  9/16       EV: 13    Int: 26    God:    Vehumet [......]
Gold:   227        SH:  0    Dex: 15    Spells: 5/15 levels left

rFire   . . .        r - +2 whip (elec)
rCold   . . .        (no shield)
rNeg    . . .        f - +0 leather armour
rPois   +            (no helmet)
rElec   .            s - +1 cloak
rCorr   .            (no gloves)
SInv    .            (no boots)
Will    .....        (no amulet)
Stlth   +++          d - +6 ring of intelligence
HPRegen 0.26/turn    a - ring of poison resistance
MPRegen 0.15/turn

%: no passive effects
@: weakened
A: no striking features
a: Renounce Religion


You were on level 5 of the Dungeon.
You worshipped Vehumet.
Vehumet was noncommittal.
You visited 2 branches of the dungeon, and saw 6 of its levels.

You collected 227 gold pieces.

Inventory:

Hand Weapons
 r - a +2 whip of electrocution (weapon)
Armour
 f - a +0 leather armour (worn)
 s - a +1 cloak (worn)
Magical Staves
 m - a staff of conjuration
Jewellery
 a - a ring of poison resistance (right hand)
 d - a +6 ring of intelligence (left hand)
Wands
 k - a wand of polymorph (4)
 l - a wand of acid (6)
 q - a wand of flame (14)
Scrolls
 c - a scroll of enchant weapon {unknown}
 g - a scroll of blinking {unknown}
Potions
 b - 2 potions of magic
 e - 3 potions of curing
 h - 3 potions of might
 i - a potion of haste
 o - a potion of mutation
 t - a potion of ambrosia
 u - a potion of cancellation


   Skills:
 + Level 2.2 Fighting
 + Level 2.4 Armour
 + Level 4.1 Dodging
 + Level 4.5 Stealth
 + Level 4.8 Spellcasting
 + Level 3.1 Conjurations
 + Level 2.4 Air Magic
 + Level 4.5 Alchemy


You had 5 spell levels left.
You knew the following spells:

 Your Spells              Type           Power      Damage    Failure   Level
a - Sting                 Conj/Alch      100%       1d9       2%          1
b - Mercury Vapours       Alch/Air       48%        N/A       4%          2
c - Mephitic Cloud        Conj/Alch/Air  23%        N/A       9%          3
d - Olgreb's Toxic Radia  Alch           29%        N/A       19%         4

Your spell library contained the following spells:

 Spells                   Type           Power      Damage    Failure   Level
 Sticky Flame             Fire/Alch      17%        2d5       41%         4


Dungeon Overview and Level Annotations

Branches:
Dungeon (5/15)             Temple (1/1) D:5

Altars:
Ashenzari
Cheibriados
Dithmenos
Elyvilon
Fedhas
Gozag
Hepliaklqana
Kikubaaqudgha
Nemelex Xobeh
Okawaru
Sif Muna
Trog
Vehumet
Wu Jian
Yredelemnul
Zin
The Shining One


Message History

Vehumet accepts your kill. The black bear closely misses you.
The black bear misses you. x2
The ogre barely misses you.
You barely miss the ogre.
The black bear bites you but does no damage.
The black bear misses you. The black bear closely misses you.
Casting: Mercury Vapours (safe; 4% risk of failure)
Confirm with . or Enter, or press ? or * to list all spells.
Aiming: Mercury Vapours (safe; 4% risk of failure)
Press: ? - help, Dir - move target, f/p - black bear
Aim: a black bear (lightly wounded, very poisoned, weak, chance to weaken: 79%) Fumes of mercury billow around the black bear!
The black bear looks even sicker.
The black bear looks even weaker.
You feel your attacks grow feeble. The ogre misses you.
The black bear bites you but does no damage.
The black bear claws you but does no damage.
The black bear closely misses you.
Found 2 pink potions.
The ogre closely misses you. The black bear bites you.
The black bear claws you but does no damage. x2
Casting: Mercury Vapours (safe; 4% risk of failure)
Confirm with . or Enter, or press ? or * to list all spells.
Aiming: Mercury Vapours (safe; 4% risk of failure)
Press: ? - help, Dir - move target, f/p - black bear
Aim: a black bear (moderately wounded, very poisoned, weak, chance to weaken: 79%) Fumes of mercury billow around the black bear!
The black bear looks even sicker.
The ogre hits you with a +0 giant spiked club!!
Ouch! That really hurt!
* * * LOW HITPOINT WARNING * * *
Casting: Mercury Vapours (safe; 4% risk of failure)
Confirm with . or Enter, or press ? or * to list all spells.
Aiming: Mercury Vapours (safe; 4% risk of failure)
Press: ? - help, Dir - move target, f/p - black bear
Aim: a black bear (moderately wounded, very poisoned, weak, chance to weaken: 79%) Fumes of mercury billow around the black bear!
The black bear looks as sick as possible!
The ogre looks weaker.
The ogre hits you with a +0 giant spiked club.
You die...

#.# ##...
####.#
##..
#....#
##.
#.###.#
#. ##.##
#### ##.
#.##.....
$. #h...#
#.
##O####
#. #@##
#. #.##
#. ..# #.
#!# #† #.
#. # #.
#. #. #.


You could see a black bear (extremely poisoned, weak) and an ogre (weak).

Vanquished Creatures
  Edmund (D:5)
  A black bear (D:5)
  3 phantoms
  3 bombardier beetles
  2 orc priests
  Ijyb (D:3)
  An orc wizard (D:4)
  3 adders
  2 worms
  3 dart slugs (D:2)
  10 orcs
  4 ball pythons
  9 endoplasms
  2 giant cockroaches
  10 goblins
  9 hobgoblins
  6 quokkas
  5 bats
  4 frilled lizards
  A kobold (D:3)
  2 rats (D:2)
82 creatures vanquished.

Notes
Turn   | Place    | Note
-------+----------+-------------------------------------------
     0 | D:1      | voltaire321 the Deep Elf Alchemist began the quest for the
                  | Orb.
     0 | D:1      | Reached XP level 1. HP: 10/10 MP: 6/6
   232 | D:1      | Reached XP level 2. HP: 14/15 MP: 4/8
   235 | D:1      | Learned a level 2 spell: Mercury Vapours
   622 | D:1      | You fall into a shaft and drop 1 floor!
   701 | D:2      | Reached XP level 3. HP: 20/20 MP: 6/9
   851 | D:2      | Reached skill level 1 in Armour
  1255 | D:2      | Reached XP level 4. HP: 24/24 MP: 6/11
  1874 | D:3      | Found a runed translucent door.
  1874 | D:3      | Noticed a human
  1878 | D:3      | Found a basalt altar of Yredelemnul.
  2022 | D:3      | Reached skill level 1 in Air Magic
  2062 | D:3      | Reached skill level 1 in Fighting
  2114 | D:3      | Noticed Ijyb
  2120 | D:3      | Killed Ijyb
  2235 | D:3      | Identified the +1 robe "Hosontog" {rF+ Int-5 Dex+5}
  2395 | D:3      | Reached XP level 5. HP: 12/29 MP: 3/12
  2601 | D:3      | Found a shimmering blue altar of Sif Muna.
  2805 | D:4      | Found a broken altar of Ashenzari.
  3115 | D:4      | Reached XP level 6. HP: 34/34 MP: 3/14
  3196 | D:4      | Learned a level 3 spell: Mephitic Cloud
  3201 | D:4      | Learned a level 4 spell: Olgreb's Toxic Radiance
  3642 | D:5      | Entered Level 5 of the Dungeon
  3742 | D:5      | Found a snail-covered altar of Cheibriados.
  3936 | D:5      | Found a staircase to the Ecumenical Temple.
  3942 | Temple   | Entered the Ecumenical Temple
  3948 | Temple   | Became a worshipper of Vehumet
  4024 | D:5      | Reached XP level 7. HP: 32/40 MP: 5/15
  4098 | D:5      | Noticed Edmund
  4134 | D:5      | Killed Edmund
  4270 | D:5      | Slain by an ogre

Illustrated notes

Levels and vault maps discovered:
D:1:      evilmike_arrival_plus, layout_basic
D:2:      layout_loops_cross, serial_bayou, serial_bayou_lake_a,
          serial_bayou_pond_a, serial_bayou_pond_b, serial_bayou_pond_c,
          bh_walls_and_bars
D:3:      layout_basic, dk_yredelemnul_ordeal, lemuel_coloured_pillars_altar,
          kennysheep_path_1, dreamdust_princess_corridor, uniq_ijyb
D:4:      layout_cave_pools, lemuel_doored_altar
D:5:      layout_loops_ring, mainiacjoe_overflow_six_doors_small,
          minmay_temple_entry_hall, uniq_edmund
Temple:   dshaligram_water_room_temple

Skill      XL: |  1  2  3  4  5  6  7 |
---------------+----------------------+-----
Armour         | 1 2 |  2.4
Stealth        | 3 4 |  4.5
Air Magic      | 1 2 |  2.4
Fighting       | 1 2 |  2.2
Dodging        | 3 4 |  4.1
Conjurations   | 2 3 |  3.1
Spellcasting   | 4 |  4.8
Alchemy        | 4 |  4.5

Action                     |  1- 3 |  4- 6 |  7- 9 || total
---------------------------+-------+-------+-------++-------
  Melee: Unarmed           |     1 |       |       ||     1
         Mace              |     7 |       |       ||     7
         Staff             |    10 |    13 |       ||    23
         Punch             |     2 |       |       ||     2
         Whip              |       |    18 |     9 ||    27
   Cast: Sting             |    60 |    89 |     7 ||   156
         Mercury Vapours   |     2 |     7 |     5 ||    14
    Use: Scroll            |       |    11 |       ||    11
 Armour: Leather armour    |    15 |    35 |    21 ||    71
  Dodge: Dodged            |    13 |    28 |    19 ||    60

Table legend: (Time is in decaauts)
 A = Elapsed time spent in this place.
 B = Non-inter-level travel time spent in this place.
 C = Inter-level travel time spent in this place.
 D = Time resting spent in this place.
 E = Time spent auto-exploring this place.
 F = Levels seen in this place.
 G = Mean time per level.
                   A        B        C        D        E       F      G
               +--------+--------+--------+--------+--------+-----+--------+
         Total |   4296 |   4265 |     31 |    694 |   2578 |   6 |  716.0 |
       Dungeon |   4283 |   4252 |     31 |    694 |   2578 |   5 |  856.6 |
        Temple |     12 |     12 |      0 |      0 |      0 |   1 |   12.0 |
               +--------+--------+--------+--------+--------+-----+--------+

Top non-repeatable levels by time:
     D:2: 1074 daAuts
     D:3: 1045 daAuts
     D:4: 860 daAuts
     D:1: 686 daAuts
     D:5: 615 daAuts
  Temple: 12 daAuts
